 Dungeon Crawl Stone Soup version 0.23.2 (webtiles) character file.

Game seed: 6120873013422984806

61 Borgoz the Sneak (level 4, -6/35 HPs)
             Began as a Ghoul Enchanter on Apr 4, 2019.
             Mangled by Sigmund
             ... wielding a +0 scythe
              (9 damage)
             ... on level 2 of the Dungeon.
             The game lasted 00:02:35 (1395 turns).

Borgoz the Sneak (Ghoul Enchanter)                  Turns: 1395, Time: 00:02:36

Health: -6/35      AC:  5    Str: 11      XL:     4   Next: 7%
Magic:  2/5        EV: 11    Int: 10      God:
Gold:   44         SH:  0    Dex:  9 (10) Spells: 3/6 levels left

rFire    . . .     SeeInvis .   a - +1 dagger
rCold    + . .     Gourm    .   (no shield)
rNeg     + + +     Faith    .   g - +0 ring mail
rPois    ∞         Spirit   .   (no helmet)
rElec    .         Reflect  .   (no cloak)
rCorr    .         Harm     .   (no gloves)
MR       .....                  (no boots)
Stlth    +.........             (no amulet)
HPRegen  0.00/turn              (no ring)
MPRegen  0.09/turn              (no ring)

@: very slightly contaminated, rotting
A: rotting body, claws 1, carnivore, cold resistance 1, negative energy
resistance 3, inhibited regeneration, torment resistance, unbreathing
a: no special abilities


You were on level 2 of the Dungeon.
You were not hungry.

You visited 1 branch of the dungeon, and saw 2 of its levels.

You collected 44 gold pieces.

Inventory:

Hand Weapons
 a - a +1 dagger (weapon)
Armour
 g - a +0 ring mail (worn)
Potions
 b - a potion of lignification
Comestibles
 d - 2 rations
 k - 4 chunks of flesh


   Skills:
 + Level 1.0 Fighting
 * Level 2.1 Short Blades
 + Level 0.9 Armour
 * Level 2.5 Dodging
 + Level 3.6 Stealth
 - Level 1.7 Spellcasting
 - Level 2.4 Hexes


You had 3 spell levels left.
You knew the following spells:

 Your Spells              Type           Power        Failure   Level  Hunger
a - Corona                Hex            #......      28%         1    ##.....
b - Ensorcelled Hibernat  Hex/Ice        #.....       58%         2    ###....

Your spell library contained the following spells:

 Spells                   Type           Power        Failure   Level  Hunger
 Confuse                  Hex            #.......     65%         3    ####...
 Tukima's Dance           Hex            #.......     65%         3    ####...
 Dazzling Spray           Conj/Hex       #.....       82%         3    ####...


Dungeon Overview and Level Annotations

Branches:
Dungeon (2/15)

Altars:

Annotations:
D:2 Sigmund


Innate Abilities, Weirdness & Mutations

Your body is rotting away.
You thrive on raw meat.
You are immune to poison.
You have sharp fingernails.
You are carnivorous and can eat meat at any time.
Your flesh is cold resistant. (rC+)
You are immune to negative energy. (rN+++)
You do not regenerate when monsters are visible.
You are immune to unholy pain and torment.
You can survive without breathing.


Message History

The puff of flame hits you.
You feel better. Something hits you.
You barely miss something. Something hits you but does no damage.
You closely miss something. You closely miss something.
You hear some strange, mumbled words.
A magic dart appears from out of thin air!
The magic dart hits you!
You barely miss something.
You hear some strange, mumbled words.
A magic dart appears from out of thin air!
The magic dart hits you.
* * * LOW HITPOINT WARNING * * *
Your ring mail prevents you from hitting something.
You hear some strange, mumbled words.
A magic dart appears from out of thin air!
The magic dart hits you.
* * * LOW HITPOINT WARNING * * *
You miss something. Something hits you!
You die...

#.#######.# #.# #.# #.#
#.# ..# ###.## ###
#..#.# ## #.#.## # .##
##.### ..#
..####...##########....#
..'÷............@{......
..####.......######....#
.###.......#.# ... ##
#.#..##.#.# # #
#.#..##.#.# #.#...#.#.#
#.#.#.#.#.# #.#.......#
#.###.#.###


There were no monsters in sight!

Vanquished Creatures
  Jessica (D:2)
  A worm (D:2)
  A dart slug (D:1)
  A leopard gecko (D:1)
  A ball python (D:1)
  3 goblins
  3 hobgoblins (D:1)
  2 jackals (D:1)
  6 kobolds
  7 bats (D:1)
  3 frilled lizards
  3 rats (D:1)
32 creatures vanquished.

Notes
Turn   | Place    | Note
-------+----------+-------------------------------------------
     0 | D:1      | Borgoz the Ghoul Enchanter began the quest for the Orb.
     0 | D:1      | Reached XP level 1. HP: 14/14 MP: 2/2
    62 | D:1      | Reached skill level 1 in Short Blades
   149 | D:1      | Reached XP level 2. HP: 20/22 MP: 3/3
   444 | D:1      | Learned a level 2 spell: Ensorcelled Hibernation
   578 | D:1      | Reached XP level 3. HP: 27/27 MP: 4/4
  1201 | D:2      | Noticed Jessica
  1204 | D:2      | Killed Jessica
  1204 | D:2      | Reached skill level 1 in Fighting
  1222 | D:2      | Reached XP level 4. HP: 35/35 MP: 5/5
  1371 | D:2      | Noticed Sigmund
  1395 | D:2      | Mangled by Sigmund

Skill      XL: |  1  2  3 |
---------------+----------+-----
Short Blades   | 1 2 |  2.1
Dodging        | 2 |  2.5
Fighting       | 1 |  1.0
Armour         | |  0.9
Stealth        | |  3.6
Spellcasting   | |  1.7
Hexes          | |  2.4

Action                   |  1- 3 |  4- 6 || total
-------------------------+-------+-------++-------
Melee: Dagger            |    96 |    21 ||   117
 Cast: Ensorcelled Hiber |       |     1 ||     1
  Use: Scroll            |     3 |       ||     3
       Potion            |     4 |     3 ||     7
 Stab: Sleeping          |     8 |     2 ||    10
  Eat: Chunk             |     2 |       ||     2
Armor: Robe              |     8 |       ||     8
       Ring mail         |    30 |     3 ||    33
Dodge: Dodged            |    54 |     5 ||    59
